 Dungeon Crawl Stone Soup version 0.20.1-1-g8b1a95d (webtiles) character file.

10134 dohliylev the Covert (level 11, -4/84 HPs)
             Began as a Vampire Assassin on Dec 4, 2017.
             Was a Believer of Nemelex Xobeh.
             Killed by Ozocubu's Refrigeration
             ... invoked by Fannar
              (22 damage)
             ... on level 9 of the Dungeon.
             The game lasted 00:58:06 (14119 turns).

dohliylev the Covert (Vampire Assassin)            Turns: 14119, Time: 00:58:07

Health: -4/84      AC:  5    Str: 10    XL:     11   Next: 32%
Magic:  13/13      EV: 22    Int: 13    God:    Nemelex Xobeh [**....]
Gold:   431        SH:  0    Dex: 20    Spells: 11/13 levels left

rFire    + . .     SeeInvis +   J - +0 short sword (drain)
rCold    x . .     Gourm    .   (no shield)
rNeg     . . .     Faith    .   C - +0 robe (curse)
rPois    .         Spirit   .   u - +1 helmet
rElec    .         Reflect  .   d - +0 cloak
rCorr    .         Harm     .   (no gloves)
MR       ++...                  (no boots)
Stlth    ++++++....             B - amulet of magic regeneration
Regen    0.5/turn               w - ring of fire
MPRegen  0.2/turn               y - ring of protection from magic

@: regenerating quickly
A: fangs 3, see invisible, unbreathing
a: Renounce Religion


You were on level 9 of the Dungeon.
You worshipped Nemelex Xobeh.
Nemelex Xobeh was pleased with you.
You were very full.

You visited 2 branches of the dungeon, and saw 11 of its levels.
You also visited: Ossuary.

You collected 431 gold pieces.

Inventory:

Hand Weapons
 a - a +1 dagger of protection
 b - a +0 blowgun
 J - a +0 short sword of draining (weapon)
 U - a cursed -1 dagger
Missiles
 H - a curare-tipped needle
 P - a poisoned needle
Armour
 d - a +0 cloak (worn)
 u - a +1 helmet (worn)
 v - a +1 robe of magic resistance
 C - a cursed +0 robe (worn)
Jewellery
 w - a ring of fire (left hand)
 y - a ring of protection from magic (right hand)
 B - an amulet of magic regeneration (around neck)
 K - an uncursed ring of resist corrosion
Wands
 r - a wand of flame (19/48)
 A - a wand of random effects (8/48)
 S - a wand of clouds (1/9)
 T - a wand of paralysis (11/24)
 X - a wand of iceblast (7/15)
Scrolls
 f - a scroll of fog {unknown}
 i - 4 scrolls of enchant weapon
 j - a scroll of brand weapon {unknown}
 l - a scroll of remove curse
 o - 3 scrolls of blinking
 q - 3 scrolls of recharging
 t - 4 scrolls of fear {unknown}
 x - 2 scrolls of teleportation
 D - a scroll of enchant armour {unknown}
 F - 3 scrolls of magic mapping
 G - 2 scrolls of noise {unknown}
 L - 2 scrolls of random uselessness {unknown}
 N - a scroll of holy word {unknown}
 R - a scroll of vulnerability {unknown}
 Y - a scroll of summoning {unknown}
Potions
 e - a potion of cancellation {unknown}
 g - 8 potions of blood
 h - a potion of berserk rage
 k - a potion of mutation {unknown}
 m - a potion of flight
 n - a potion of magic {unknown}
 p - a potion of invisibility {unknown}
 s - 3 potions of lignification
 z - a potion of agility
 E - 3 potions of curing
 M - 2 potions of ambrosia
 O - a potion of haste {unknown}
 W - a potion of brilliance {unknown}
Books
 I - a book of Minor Magic

   Spells                             Type                      Level
   a - Magic Dart                     Conjuration                  1
   b - Blink                          Translocation                2
   c - Call Imp                       Summoning                    2
   d - Slow                           Hexes                        2
   e - Conjure Flame                  Conjuration/Fire             3
   f - Mephitic Cloud                 Conjuration/Poison/Air       3
Miscellaneous
 Q - a plain deck of summoning
 V - a plain deck of destruction {drawn: 1}


   Skills:
 - Level 7.0 Fighting
 - Level 8.0 Short Blades
 - Level 1.5 Throwing
 - Level 1.4 Armour
 + Level 12.2 Dodging
 + Level 13.3 Stealth
 * Level 1.7 Spellcasting
 * Level 1.9 Translocations
 * Level 1.6 Invocations


You had 11 spell levels left.
You knew the following spells:

 Your Spells              Type           Power        Failure   Level  Hunger
a - Blink                 Tloc           N/A          19%         2    ###....


Dungeon Overview and Level Annotations

Branches:
Dungeon (10/15)            Temple (1/1) D:5            Lair (0/6) D:10
    Orc: D:9-12

Altars:
Ashenzari
Cheibriados
Dithmenos
Elyvilon
Fedhas
Gozag
Hepliaklqana
Kikubaaqudgha
Makhleb
Nemelex Xobeh
Okawaru
Qazlal
Ru
Sif Muna
Trog
Uskayaw
Vehumet
Xom
Yredelemnul
Zin
The Shining One
Beogh

Shops:
D:4 ((   D:8 }   D:9 ?

Annotations:
D:9 Fannar


Innate Abilities, Weirdness & Mutations

Your natural rate of healing is unusually fast.
You have razor-sharp teeth.
You have supernaturally acute eyesight. (SInv)
You can survive without breathing.


Message History

* * * LOW HITPOINT WARNING * * *
Fannar and your insubstantial wisps are frozen.
Fannar resists.
Fannar is heavily wounded.
Your insubstantial wisp resists.
Your insubstantial wisp is severely damaged.
Your insubstantial wisp resists.
Your insubstantial wisp is lightly damaged.
Your insubstantial wisp resists.
Your insubstantial wisp is lightly damaged.
Your insubstantial wisp resists.
Your insubstantial wisp is lightly damaged.
The ice beast closely misses you.
Your insubstantial wisp barely misses Fannar.
Your insubstantial wisp hits Fannar.
Fannar gestures wildly while chanting.
Fannar drains the heat from the surrounding environment!
You feel a terrible chill!
You feel very cold.
You die...
Your body disappears without a glow.

##'##### #.##.## #.#
####.##.## #.#
#....##... #.#
####'########
##'#########.#.....#....
#.........#..#.#.#.#####
#....[..."...#[#.#......
#.......>..#.#)#.#######
#....v.@...#.(.#...#.#..
#..........#.#####.#.#.#
#......vY.##.#...#.#.#..
#......ve.##.###.#.#.###
#.......v(##.....#......
###'.##########'########
###'### #.## #.....#
#..### #.....# ##...#


You could see Fannar, an ice beast and 4 friendly insubstantial wisps.

Vanquished Creatures
  A hydra (D:8)
  The ghost of ak87 the Transmogrifier, a novice DgTm (D:9)
  3 two-headed ogres
  A cyclops (D:9)
  2 dream sheep (D:8)
  A hippogriff (D:9)
  2 yaks (D:8)
  3 hungry ghosts
  A warg (D:10)
  A water moccasin (D:9)
  7 orc warriors
  2 black bears
  An ice beast (D:9)
  2 phantoms
  An eye of draining (D:8)
  5 ogres
  5 centaurs
  A crocodile (D:8)
  3 big kobolds (D:8)
  8 bullfrogs
  A scorpion (D:8)
  5 killer bees (D:7)
  3 howler monkeys (D:7)
  2 crimson imps
  A bullfrog zombie (D:10)
  A jelly (D:7)
  A centaur zombie (D:5)
  13 orc wizards
  4 orc priests
  A bullfrog skeleton (D:4)
  6 hounds
  2 iguanas
  2 centaur skeletons
  A gnoll shaman (D:6)
  6 worker ants
  A killer bee zombie (D:7)
  4 big kobold zombies (Ossuary)
  4 mummies (Ossuary)
  A howler monkey zombie (D:9)
  Robin (D:3)
  A howler monkey skeleton (D:8)
  13 adders
  3 gnolls (D:6)
  A shadow imp (D:6)
  3 oozes
  An adder skeleton (D:4)
  An adder zombie (D:7)
  2 worms
  A dart slug (D:2)
  9 leopard geckos
  47 orcs
  3 ball pythons
  5 bats
  5 giant cockroaches
  15 goblins
  11 hobgoblins
  14 jackals
  6 quokkas
  6 frilled lizards
  A goblin zombie (D:7)
  3 hobgoblin zombies (Ossuary)
  8 kobolds
  A leopard gecko skeleton (D:5)
  A leopard gecko zombie (D:9)
  2 quokka zombies
  5 rats
279 creatures vanquished.

Vanquished Creatures (collateral kills)
  A vampire (D:9)
  2 wargs (D:10)
  5 killer bees (D:10)
  An orc priest (D:10)
  An orc wizard (D:10)
  2 orcs (D:10)
12 creatures vanquished.

Vanquished Creatures (others)
  2 plants (D:8)
2 creatures vanquished.

Grand Total: 293 creatures vanquished

Notes
Turn   | Place    | Note
-------+----------+-------------------------------------------
     0 | D:1      | dohliylev the Vampire Assassin began the quest for the Orb.
     0 | D:1      | Reached XP level 1. HP: 16/16 MP: 1/1
    37 | D:1      | Reached skill level 6 in Stealth
   254 | D:1      | Reached XP level 2. HP: 22/22 MP: 2/2
   304 | D:1      | Reached skill level 7 in Stealth
   897 | D:1      | Reached XP level 3. HP: 23/27 MP: 3/3
  1336 | D:2      | Reached skill level 8 in Stealth
  1530 | D:2      | Reached XP level 4. HP: 33/33 MP: 4/4
  1722 | D:2      | Found a glowing silver altar of Zin.
  1837 | D:3      | Noticed Robin
  1886 | D:3      | Reached skill level 9 in Stealth
  1904 | D:3      | Killed Robin
  2244 | D:3      | Reached XP level 5. HP: 32/38 MP: 5/5
  2557 | D:3      | Found a blossoming altar of Fedhas.
  2563 | D:3      | Found a radiant altar of Vehumet.
  2975 | D:4      | Got a smelly scale mail
  3003 | D:4      | Found Houkot's Antique Weapon Shoppe.
  3009 | D:4      | Reached skill level 10 in Stealth
  3311 | D:4      | Found Amecis's Weapon Shop.
  3311 | D:4      | Noticed an ogre
  3314 | D:4      | Killed an ogre
  3314 | D:4      | Reached XP level 6. HP: 44/44 MP: 6/6
  4119 | D:5      | Entered Level 5 of the Dungeon
  4142 | D:5      | Reached XP level 7. HP: 49/49 MP: 7/7
  4144 | D:5      | Found a runed door.
  4351 | D:5      | Reached skill level 5 in Short Blades
  4351 | D:5      | Reached skill level 5 in Dodging
  4458 | D:5      | Found a staircase to the Ecumenical Temple.
  4462 | Temple   | Entered the Ecumenical Temple
  4483 | Temple   | Became a worshipper of Nemelex Xobeh the Trickster
  4500 | Temple   | Identified the cursed +0 scale mail of the Pure Orbs {*Contam rC++ Str+4 SInv} (You found it on level 4 of the Dungeon)
  4637 | D:5      | Found an opulent altar of Gozag.
  4925 | D:5      | Received a gift from Nemelex Xobeh
  5315 | D:5      | Reached XP level 8. HP: 50/55 MP: 8/8
  5366 | D:5      | Reached skill level 1 in Armour
  5602 | D:5      | Found a roughly hewn altar of Beogh.
  6592 | D:6      | Learned a level 2 spell: Blink
  7352 | D:6      | Reached XP level 9. HP: 61/61 MP: 9/9
  7354 | D:6      | Found a sacrificial altar of Ru.
  7615 | D:7      | Reached * piety under Nemelex Xobeh
  7641 | D:7      | Found a sacrificial altar of Ru.
  7720 | D:7      | Found a sand-covered staircase.
  7767 | Ossuary  | Entered an ossuary
  8189 | D:7      | Found a shimmering altar of Xom.
  9473 | D:7      | Reached skill level 10 in Dodging
  9583 | D:7      | Received a gift from Nemelex Xobeh
  9766 | D:8      | Noticed a two-headed ogre
  9770 | D:8      | Killed a two-headed ogre
  9770 | D:8      | Reached skill level 1 in Invocations
  9770 | D:8      | Reached XP level 10. HP: 73/73 MP: 11/11
  9855 | D:8      | Found Qyel's Quality Used Wands.
  9987 | D:8      | Found an opulent altar of Gozag.
 10260 | D:8      | Reached ** piety under Nemelex Xobeh
 10275 | D:8      | Found a shadowy altar of Dithmenos.
 10313 | D:8      | Reached skill level 1 in Translocations
 10752 | D:8      | Reached skill level 5 in Fighting
 10752 | D:8      | Reached skill level 11 in Stealth
 10752 | D:8      | Reached skill level 1 in Spellcasting
 10823 | D:8      | Noticed a two-headed hydra
 11541 | D:8      | Killed a two-headed hydra
 11949 | D:9      | Found a hide-covered altar of Uskayaw.
 12017 | D:9      | Noticed a cyclops
 12032 | D:9      | Killed a cyclops
 12144 | D:9      | Found a basalt altar of Yredelemnul.
 12145 | D:9      | Received a gift from Nemelex Xobeh
 12221 | D:9      | Noticed a two-headed ogre
 12223 | D:9      | Killed a two-headed ogre
 12223 | D:9      | Reached skill level 12 in Stealth
 12550 | D:9      | Reached XP level 11. HP: 83/83 MP: 12/12
 12569 | D:9      | Noticed ak87's ghost (novice DgTm)
 12649 | D:9      | Killed ak87's ghost
 12979 | D:9      | Reached skill level 13 in Stealth
 12998 | D:9      | Found Nedum's Magic Scroll Shoppe.
 13404 | D:9      | Noticed a two-headed ogre
 13419 | D:9      | Killed a two-headed ogre
 13574 | D:10     | Entered Level 10 of the Dungeon
 13574 | D:10     | Noticed a skeletal warrior
 13574 | D:10     | Noticed a skeletal warrior
 13574 | D:10     | Noticed a skeletal warrior
 13574 | D:10     | Noticed a skeletal warrior
 13574 | D:10     | Noticed a skeletal warrior
 13791 | D:10     | Found a staircase to the Lair.
 13867 | D:10     | Noticed a two-headed ogre
 14099 | D:10     | Noticed Fannar
 14119 | D:9      | Killed from afar by Fannar

Skill      XL: |  1  2  3  4  5  6  7  8  9 10 11 |
---------------+----------------------------------+-----
Stealth        | 6 7 8 9 10 12 13 | 13.3
Dodging        | 3 4 5 7 10 12 | 12.2
Short Blades   | 4 5 8 |  8.0
Armour         | 1 |  1.4
Fighting       | 2 4 6 7 |  7.0
Invocations    | 1 |  1.6
Translocations | 1 |  1.9
Spellcasting   | 1 |  1.7
Throwing       | |  1.5

Action                   |  1- 3 |  4- 6 |  7- 9 | 10-12 || total
-------------------------+-------+-------+-------+-------++-------
Melee: Dagger            |   106 |   320 |   839 |     1 ||  1266
       Bite              |     7 |    35 |   118 |    67 ||   227
       Short sword       |       |       |    59 |   484 ||   543
 Fire: Blowgun           |    10 |     7 |    68 |    15 ||   100
 Cast: Blink             |       |       |     2 |       ||     2
 Abil: End Transformatio |       |       |       |     4 ||     4
       Bat Form          |       |       |       |     4 ||     4
Evoke: Deck              |       |       |       |     8 ||     8
  Use: Potion            |     1 |    10 |    18 |    21 ||    50
       Scroll            |       |       |    11 |     2 ||    13
 Stab: Sleeping          |    16 |    20 |    15 |     8 ||    59
       Distracted        |     1 |     3 |     1 |     4 ||     9
  Eat: Corpse            |     1 |     7 |     7 |     2 ||    17
Armor: Robe              |    11 |    61 |    60 |    28 ||   160
       Scale mail        |       |       |   157 |       ||   157
       Skin              |       |       |       |    23 ||    23
Dodge: Dodged            |    48 |   193 |   579 |   318 ||  1138
